 Dungeon Crawl Stone Soup version 0.19-a0-1532-g228a5d9 (webtiles) character file.

18 Amnesiac the Magician (level 2, -1/19 HPs)
             Began as a Mummy Wizard on Sept 13, 2016.
             Slain by a worm (5 damage)
             ... on level 4 of the Dungeon.
             The game lasted 00:02:16 (867 turns).

Amnesiac the Magician (Mummy Wizard)                 Turns: 867, Time: 00:02:17

Health: -1/19      AC:  3    Str: 10    XL:     2   Next: 48%
Magic:  0/6        EV: 12    Int: 17    God:
Gold:   76         SH:  2    Dex: 10    Spells: 3 memorised, 2 levels left

rFire  x . .     SeeInvis .     f - +2 short sword (drain)
rCold  + . .     Gourm    .     a - +0 robe
rNeg   + + +     Faith    .     (no shield)
rPois  ∞         Spirit   .     b - +0 hat
rElec  .         Dismiss  .     (no cloak)
rCorr  .         Reflect  +     g - +0 pair of gloves
MR     .....     Harm     .     (no boots)
Stlth  ++........               e - +2 amulet of reflection
                                (no ring)
                                (no ring)

@: very slightly contaminated, repel missiles
A: no food or potions, fire vulnerability, cold resistance 1, negative energy
resistance 3, torment resistance, unbreathing
a: no special abilities


You were on level 4 of the Dungeon.
You were not hungry.

You visited 1 branch of the dungeon, and saw 4 of its levels.

You collected 76 gold pieces.

Inventory:

Hand Weapons
 f - a +2 short sword of draining (weapon)
Armour
 a - a +0 robe (worn)
 b - a +0 hat (worn)
 g - a +0 pair of gloves (worn)
Jewellery
 e - a +2 amulet of reflection (around neck)
Scrolls
 d - a scroll of remove curse {unknown}
 h - a scroll of recharging {unknown}
 i - a scroll of enchant weapon {unknown}
 j - 4 scrolls of amnesia {unknown}
 k - a scroll of fear {unknown}
Books
 c - a book of Minor Magic

   Spells                             Type                      Level
   a - Magic Dart                     Conjuration                  1
   b - Blink                          Translocation                2
   c - Call Imp                       Summoning                    2
   d - Repel Missiles                 Charms/Air                   2
   e - Slow                           Hexes                        2
   f - Conjure Flame                  Conjuration/Fire             3
   g - Mephitic Cloud                 Conjuration/Poison/Air       3


   Skills:
 - Level 1.5 Dodging
 - Level 1.5 Stealth
 - Level 3.0 Spellcasting
 + Level 2.0 Conjurations
   Level 0.7 Summonings
 - Level 0.7 Translocations


You had 2 spell levels left.
You knew the following spells:

 Your Spells              Type           Power        Failure   Level  Hunger
a - Repel Missiles        Chrm/Air       #.....       30%         2    N/A
b - Blink                 Tloc           N/A          24%         2    N/A
z - Magic Dart            Conj           #...         10%         1    N/A

Dungeon Overview and Level Annotations

Branches:
Dungeon (4/15)
 Temple: D:4-7

Altars:
Ru

Annotations:
D:3 exclusion: worm


Innate Abilities, Weirdness & Mutations

You do not eat or drink.
Your flesh is vulnerable to fire.
You are immune to poison.
Your flesh is cold resistant. (rC+)
You are immune to negative energy. (rN+++)
You are immune to unholy pain and torment.
You can survive without breathing.


Message History

The worm is heavily wounded.
The worm bites you!
You completely miss the worm.
The worm is heavily wounded.
The worm barely misses you.
You completely miss the worm.
The worm is heavily wounded.
You puncture the worm!
The worm is severely wounded.
The worm bites you.
You barely miss the worm.
The worm is severely wounded.
The worm bites you.
* * * LOW HITPOINT WARNING * * *
You hit the worm. You drain the worm!
The worm is almost dead.
You hit the worm.
The worm is almost dead.
The worm bites you.
You die...

#### #...##.
##....... #........
###........
#########..........
.......@wb.<.......
...######........#.
#......#.# ##...###
.[### #.## #. ..


You could see a worm and a bat.

Vanquished Creatures
  A dart slug (D:3)
  A ball python (D:3)
  2 giant cockroaches (D:3)
  2 hobgoblins (D:3)
  3 jackals (D:3)
  A bat (D:3)
  3 giant newts
  A kobold (D:2)
  A rat (D:3)
15 creatures vanquished.

Notes
Turn   | Place    | Note
-------+----------+-------------------------------------------
     0 | D:1      | Amnesiac the Mummy Wizard began the quest for the Orb.
     0 | D:1      | Reached XP level 1. HP: 13/13 MP: 4/4
    54 | D:2      | Reached skill level 1 in Conjurations
   230 | D:4      | Noticed an orc wizard
   427 | D:4      | Noticed an orc wizard
   477 | D:3      | Reached XP level 2. HP: 19/19 MP: 0/6
   577 | D:3      | Learned a level 2 spell: Repel Missiles
   580 | D:3      | Learned a level 2 spell: Blink
   644 | D:3      | Found a sacrificial altar of Ru.
   867 | D:4      | Slain by a worm

Vault maps used:
D:1:      minmay_arrival_open_corners
D:2:      gammafunk_temple_overflow_forgotten
D:3:      first_bread, nicolae_ru_path_of_blood
D:4:      tgw_trog, uniq_pikel, uniq_eustachio, uniq_menkaure

Skill      XL: |  1  2 |
---------------+-------+-----
Conjurations   | 1 2 |  2.0
Dodging        | |  1.5
Stealth        | |  1.5
Spellcasting   | |  3.0
Summonings     | |  0.7
Translocations | |  0.7

Action                   || total
-------------------------++-------
Melee: Short sword       ||    29
 Cast: Magic Dart        ||    42
       Repel Missiles    ||     1
Armor: Robe              ||     8
Dodge: Dodged            ||    18
Block: Other             ||     6
